 Dungeon Crawl Stone Soup version 0.23-a0-612-gcb482e9 (console) character file.

33 Duffy the Conjurer (level 3, 0/24 HPs)
             Began as a Demonspawn Fire Elementalist on Dec 21, 2018.
             Slain by a worm (10 damage)
             ... on level 2 of the Dungeon.
             The game lasted 00:01:27 (1464 turns).

Duffy the Conjurer (Demonspawn Fire Elementalist)   Turns: 1464, Time: 00:01:28

Health: 0/24       AC:  4    Str:  8    XL:     3   Next: 12%
Magic:  0/6        EV: 12    Int: 17    God:
Gold:   90         SH:  0    Dex: 13    Spells: 2/6 levels left

rFire    . . .     SeeInvis .   i - +0 spear
rCold    . . .     Gourm    .   (no shield)
rNeg     . . .     Faith    .   a - +0 robe
rPois    .         Spirit   +   (no helmet)
rElec    .         Reflect  .   (no cloak)
rCorr    .         Harm     .   h - +0 pair of gloves
MR       .....                  m - +0 pair of boots
Stlth    ++........             f - amulet of the acrobat
HPRegen  0.08/turn              (no ring)
MPRegen  0.10/turn              (no ring)

@: no status effects
A: magic shield
a: no special abilities


You were on level 2 of the Dungeon.
You were not hungry.

You visited 1 branch of the dungeon, and saw 2 of its levels.

You collected 90 gold pieces.

Inventory:

Hand Weapons
 b - a +0 whip
 i - a +0 spear (weapon)
Armour
 a - a +0 robe (worn)
 h - a +0 pair of gloves (worn)
 m - a +0 pair of boots (worn)
Jewellery
 f - an amulet of the acrobat (around neck)
Scrolls
 d - a scroll of remove curse {unknown}
 e - a scroll of teleportation {unknown}
 g - a scroll of enchant weapon {unknown}
Potions
 j - 2 potions of curing {unknown}
 k - a potion of cancellation {unknown}
 l - a potion of flight {unknown}
Comestibles
 c - 2 rations


   Skills:
 - Level 1.7 Dodging
 - Level 1.7 Stealth
 + Level 2.1 Spellcasting
 + Level 2.8 Conjurations
 + Level 2.8 Fire Magic


You had 2 spell levels left.
You knew the following spells:

 Your Spells              Type           Power        Failure   Level  Hunger
h - Flame Tongue          Conj/Fire      ##...        6%          1    #......
l - Conjure Flame         Conj/Fire      ##......     19%         3    ###....

Your spell library contained the following spells:

 Spells                   Type           Power        Failure   Level  Hunger
 Throw Flame              Conj/Fire      ##....       9%          2    ###....
 Inner Flame              Hex/Fire       #.......     32%         3    ###....
 Sticky Flame             Conj/Fire      ##......     52%         4    #####..
 Fireball                 Conj/Fire      ##........   86%         5    ######.


Dungeon Overview and Level Annotations

Branches:
Dungeon (2/15)

Altars:
Nemelex Xobeh


Innate Abilities, Weirdness & Mutations

When hurt, damage is shared between your health and your magic reserves.


Message History

Aiming: Flame Tongue (safe; 6% risk of failure)
Press: ? - help, Shift-Dir - straight line, f/p - worm
Aim: a worm (heavily wounded)
The flame tongue hits the worm.
The worm is heavily wounded.
Casting: Flame Tongue (safe; 6% risk of failure)
Confirm with . or Enter, or press ? or * to list all spells.
You don't have enough magic to cast that spell.
You hit the worm but do no damage.
The worm is heavily wounded.
The worm bites you!
You hit the worm.
The worm is severely wounded.
The worm closely misses you.
You hit the worm but do no damage.
The worm is severely wounded.
You hit the worm.
The worm is almost dead.
The worm bites you!
You die...

#..........[...#.##.#..........
####........####.##.#..........
..........+..#.##.#..........
###........##.#.##.#.........#
###########.#.##.#.......###
#### #.#.##.#.......#
.....###.#.# ####+####
........%..# ......w@...#
...........# .....###+#.# ####
#.# #.# #.. ##


You could see a worm.

Vanquished Creatures
  An ooze (D:1)
  A worm (D:2)
  A leopard gecko (D:2)
  7 bats
  A giant cockroach (D:2)
  6 goblins
  2 hobgoblins (D:1)
  2 kobolds
  A frilled lizard (D:2)
  2 rats (D:2)
24 creatures vanquished.

Notes
Turn   | Place    | Note
-------+----------+-------------------------------------------
     0 | D:1      | Duffy the Demonspawn Fire Elementalist began the quest for
                  | the Orb.
     0 | D:1      | Reached XP level 1. HP: 13/13 MP: 3/3
   375 | D:1      | Gained mutation: When hurt, damage is shared between your
                  | health and your magic reserves. [demonic ancestry]
   375 | D:1      | Reached XP level 2. HP: 19/19 MP: 1/5
  1084 | D:2      | Found a sparkling altar of Nemelex Xobeh.
  1131 | D:2      | Reached XP level 3. HP: 7/24 MP: 0/6
  1372 | D:2      | Learned a level 3 spell: Conjure Flame
  1464 | D:2      | Slain by a worm

Vault maps used:
D:1:      onia_arrival_mini_spirals
D:2:      marbit_many_paths, nemelex_xobeh_ov_fountains_minmay,
          lemuel_flame_loot_1

Skill      XL: |  1 |
---------------+----+-----
Conjurations   | 2 |  2.8
Dodging        | |  1.7
Stealth        | |  1.7
Spellcasting   | |  2.1
Fire Magic     | |  2.8

Action                   || total
-------------------------++-------
Melee: Whip              ||     7
       Spear             ||    49
 Cast: Flame Tongue      ||    28
 Stab: Sleeping          ||     2
  Eat: Chunk             ||     2
Armor: Robe              ||    22
Dodge: Dodged            ||    34

Table legend:
 A = Non-vault XP
 B = Vault XP
 C = Vault XP percentage of total XP
 D = Non-vault monster count
 E = Vault monster count
 F = Vault count percentage of total count
                 A         B        C        D         E       F
            +---------+---------+-------+---------+---------+-------
      Total |      48 |       0 |   0.0 |      24 |       0 |   0.0
            +---------+---------+-------+---------+---------+-------
        D:1 |      26 |       0 |   0.0 |      13 |       0 |   0.0
        D:2 |      22 |       0 |   0.0 |      11 |       0 |   0.0
            +---------+---------+-------+---------+---------+-------
